 Dungeon Crawl Stone Soup version 0.30-a0-1082-g70414cbcbb (webtiles) character file.

Game seed: 10797701497883811861

77 Adrian566 the Trooper (level 4, 0/29 HPs)
             Began as a Gargoyle Fighter on Apr 15, 2023.
             Slain by Grinder (2 damage)
             ... on level 3 of the Dungeon.
             The game lasted 00:01:28 (1476 turns).

Adrian566 the Trooper (Gargoyle Fighter)            Turns: 1476, Time: 00:01:28

Health: 0/29       AC: 10    Str: 21    XL:     4   Next: 34%
Magic:  4/4        EV:  9    Int:  9    God:
Gold:   138        SH:  4    Dex:  9    Spells: 3/3 levels left

rFire   . . .      SeeInvis .    a - +0 war axe
rCold   . . .      Faith    .    c - +0 buckler
rNeg    + . .      Spirit   .    b - +0 scale mail
rPois   ∞          Reflect  .    (no helmet)
rElec   +          Rampage  .    (no cloak)
rCorr   .                        (no gloves)
Will    .....                    (no boots) Stlth
                                 (no amulet)
HPRegen 0.24/turn                (no ring)
MPRegen 0.09/turn                (no ring)

@: mighty, brilliant
A: sickness immunity, AC +3, negative energy resistance 1, electricity
resistance, torment resistance 1, petrification resistance
a: no special abilities


You were on level 3 of the Dungeon.
You visited 1 branch of the dungeon, and saw 3 of its levels.

You collected 138 gold pieces.

Inventory:

Hand Weapons
 a - a +0 war axe (weapon)
Armour
 b - a +0 scale mail (worn)
 c - a +0 buckler (worn)
Scrolls
 e - 3 scrolls of identify {unknown}
 f - a scroll of blinking {unknown}
 g - 2 scrolls of magic mapping {unknown}
 i - a scroll of teleportation {unknown}
 j - a scroll of silence {unknown}
 k - a scroll of immolation {unknown}
 l - a scroll of vulnerability {unknown}
 m - a scroll of poison {unknown}
 n - a scroll of fear {unknown}
Potions
 d - 2 potions of might
 h - a potion of brilliance


   Skills:
 + Level 3.8 Fighting
 * Level 3.1 Axes
 + Level 3.6 Armour
 + Level 0.2 Dodging
 + Level 3.6 Shields


You had 3 spell levels left.
You didn't know any spells.
Your spell library contained the following spells:

 Spells                   Type           Power      Damage    Failure   Level
 Stone Arrow              Conj/Erth      0%         3d7       99%         3
 Animate Armour           Summ/Erth      0%         N/A       100%        4
 Lehudib's Crystal Spear  Conj/Erth      0%         10d2      100%        8


Dungeon Overview and Level Annotations

Branches:
Dungeon (3/15)

Altars:
Ashenzari
Makhleb

Annotations:
D:3 2 transporters, Grinder


Innate Abilities, Weirdness & Mutations

You are immune to sickness and miasma.
Your stone body is resilient. (AC +3)
You are immune to poison.
You resist negative energy. (rN+)
You are resistant to electric shocks. (rElec)
You are resistant to unholy torment.
You are immune to petrification.


Message History

Grinder hits you.
You hit Grinder but do no damage.
Grinder is moderately wounded.
Grinder hits you but does no damage. Grinder gestures at you.
Pain shoots through your body!
You are too injured to fight recklessly!
You are too injured to fight recklessly!
You are too injured to fight recklessly!
You feel very mighty all of a sudden. Grinder gestures at you.
You resist with significant effort.
You closely miss Grinder.
Grinder is moderately wounded.
Grinder gestures at you. Pain shoots through your body!
You slash Grinder!
Grinder is heavily wounded.
Grinder gestures at you.
You barely resist. You closely miss Grinder.
Grinder is heavily wounded.
Grinder hits you. Grinder hits you but does no damage.
You closely miss Grinder.
Grinder is heavily wounded.
Grinder hits you but does no damage.
You barely miss Grinder.
Grinder is heavily wounded.
Grinder hits you.
* * * LOW HITPOINT WARNING * * *
You writhe in agony.
* * * LOW HITPOINT WARNING * * *
Grinder gestures at you. Pain shoots through your body!
* * * LOW HITPOINT WARNING * * *
It was a potion of brilliance.
You feel clever all of a sudden.
Grinder says, "Mostly I couldn't keep them alive."
Grinder hits you.
You die...

#### ...#
##.###############
..#..............#
.#.#############@#
.### #5# .#####
#.# .....# #<#
.###.# #.# .###.#
#.# .....# #.#
..._.# #..
.#...##..


You could see Grinder.

Vanquished Creatures
  3 adders
  A dart slug (D:1)
  2 ball pythons
  4 endoplasms
  A giant cockroach (D:1)
  7 goblins
  5 hobgoblins
  7 kobolds
  A quokka (D:3)
  6 bats
  2 frilled lizards
  6 rats
45 creatures vanquished.

Notes
Turn   | Place    | Note
-------+----------+-------------------------------------------
     0 | D:1      | Adrian566 the Gargoyle Fighter began the quest for the Orb.
     0 | D:1      | Reached XP level 1. HP: 14/14 MP: 1/1
   202 | D:1      | Reached XP level 2. HP: 19/19 MP: 2/2
   667 | D:2      | Reached XP level 3. HP: 24/24 MP: 3/3
  1031 | D:2      | Reached XP level 4. HP: 29/29 MP: 4/4
  1146 | D:3      | Found a transporter.
  1166 | D:3      | Found a broken altar of Ashenzari.
  1389 | D:3      | Found a transporter.
  1430 | D:3      | Found a burning altar of Makhleb.
  1435 | D:3      | Identified the +0 whip of Analysis {freeze, rF+ Will+ rCorr
                  | Str-3}
  1463 | D:3      | Noticed Grinder
  1475 | D:3      | HP: 1/29 [Grinder/nerve-wracking pain (5)]
  1476 | D:3      | Slain by Grinder

Illustrated notes

Levels and vault maps discovered:
D:1:      minmay_arrival_shoal_huts, layout_rooms, minmay_cut_off
D:2:      layout_rooms, nrook_mini_vaults, chequers_mini_garden,
          amcnicky_mini_rare_corridor_liquid, minmay_increasing_density
D:3:      gammafunk_steamed_eel, layout_loops_ring, bloody_makhleb,
          ashenzari_altar_1, uniq_grinder

Skill      XL: |  1  2  3  4 |
---------------+-------------+-----
Axes           | 2 3 |  3.1
Fighting       | |  3.8
Armour         | |  3.6
Dodging        | |  0.2
Shields        | |  3.6

Action                     |  1- 3 |  4- 6 || total
---------------------------+-------+-------++-------
  Melee: War axe           |    83 |    44 ||   127
    Use: Potion            |       |     2 ||     2
 Armour: Scale mail        |    53 |    36 ||    89
  Dodge: Dodged            |    45 |     9 ||    54
  Block: Buckler           |    27 |     9 ||    36

Table legend: (Time is in decaauts)
 A = Elapsed time spent in this place.
 B = Non-inter-level travel time spent in this place.
 C = Inter-level travel time spent in this place.
 D = Time resting spent in this place.
 E = Time spent auto-exploring this place.
 F = Levels seen in this place.
 G = Mean time per level.
                   A        B        C        D        E       F      G
               +--------+--------+--------+--------+--------+-----+--------+
         Total |   1530 |   1437 |     93 |      0 |   1114 |   3 |  510.0 |
       Dungeon |   1530 |   1437 |     93 |      0 |   1114 |   3 |  510.0 |
               +--------+--------+--------+--------+--------+-----+--------+

Top non-repeatable levels by time:
     D:2: 652 daAuts
     D:1: 531 daAuts
     D:3: 346 daAuts
